 Dungeon Crawl Stone Soup version 0.31.0-11-ge490571c62 (webtiles) character file.

Game seed: 18317334851251258434

244 Rassilon the Insei (level 5, -2/42 HPs)
             Began as a Demonspawn Monk on Feb 1, 2024.
             Killed by divine providence
             ... invoked by an orc priest
              (14 damage)
             ... on level 3 of the Dungeon.
             The game lasted 00:11:08 (2472 turns).

Rassilon the Insei (Demonspawn Monk)                Turns: 2472, Time: 00:11:09

Health: -2/42      AC:  2    Str: 13    XL:     5   Next: 83%
Magic:  5/5        EV: 15    Int: 10    God:
Gold:   72         SH:  0    Dex: 16    Spells: 4/4 levels left

rFire   . .          .
                       - Unarmed
rCold   . . .        (no shield)
rNeg    . . .        a - +0 robe
rPois   .            (no helmet)
rElec   .            m - scarf {repulsion}
rCorr   .            (no gloves)
SInv    .            (no boots)
Will    .....        (no amulet)
Stlth   +            (no ring)
HPRegen 0.27/turn    (no ring)
MPRegen 0.09/turn

%: repel missiles
@: attractive
A: hooves 1, repulsion field 1
a: no special abilities


You were on level 3 of the Dungeon.
You visited 1 branch of the dungeon, and saw 3 of its levels.

You collected 72 gold pieces.

Inventory:

Armour
 a - a +0 robe (worn)
 m - a scarf of repulsion (worn)
Scrolls
 c - a scroll of amnesia {unknown}
 d - 3 scrolls of identify {unknown}
 g - a scroll of vulnerability {unknown}
 k - a scroll of blinking {unknown}
 l - a scroll of teleportation {unknown}
Potions
 h - a potion of curing
 j - 3 potions of lignification


   Skills:
 + Level 4.1 Fighting
 + Level 3.8 Dodging
 * Level 4.6 Unarmed Combat


You had 4 spell levels left.
You didn't know any spells.
Your spell library contained the following spells:

 Spells                   Type           Power      Damage    Failure   Level
 Hailstorm                Conj/Ice       0%         3d5       75%         3
 Summon Ice Beast         Ice/Summ       0%         N/A       75%         3
 Sculpt Simulacrum        Ice/Alch       0%         N/A       100%        6


Dungeon Overview and Level Annotations

Branches:
Dungeon (3/15)

Altars:
Gozag

Annotations:
D:3 Natasha


Innate Abilities, Weirdness & Mutations

You have large cloven feet.
You are surrounded by a mild repulsion field. (EV +2)


Message History

The cerulean imp closely misses you.
You closely miss the adder. The adder barely misses you.
The cerulean imp barely misses you.
You hit the adder. Your kick misses the adder.
The adder is moderately wounded.
The adder completely misses you. The cerulean imp closely misses you.
The orc priest calls down the wrath of Beogh upon you.
Beogh smites you! The adder completely misses you.
You hit the adder. Your kick misses the adder.
The adder is severely wounded.
The adder bites you. The cerulean imp misses you.
You punch the adder!
You kill the adder!
The orc wizard mumbles some strange words.
The orc wizard flickers and vanishes!
Deactivating autopickup; reactivate with Ctrl-A.
The cerulean imp hits you from afar with a +1 spear.
You hear a shout!
You barely miss the orc.
The cerulean imp disappears in a puff of smoke!
You barely miss the orc. Your kick misses the orc. The orc closely misses you.
You barely miss the orc. You punch the orc!
You kill the orc!
It was a potion of attraction.
You feel attractive to monsters.
The cerulean imp disappears in a puff of smoke!
The hobgoblin hits you but does no damage.
Natasha howls an incantation.
Natasha glows brightly for a moment.
You barely miss the hobgoblin. Your kick misses the hobgoblin.
The hobgoblin hits you.
You barely miss the hobgoblin. Your kick misses the hobgoblin.
The hobgoblin barely misses you.
You hit the hobgoblin. Your kick misses the hobgoblin.
The hobgoblin is moderately wounded.
The hobgoblin hits you.
* * * LOW HITPOINT WARNING * * *
The orc priest invokes the aid of Beogh against you.
Beogh smites you!
You die...

### ## ##.## #.#
##.#.##
#.###.###.######
##.###.#.##
##...(.#######
........##
##@##.......#######
###..#.#.##
##g#########.##.....
# ..###.###{h#
#.#.⌠#### #..#
##.#.o## #.#.##...
#....####..#####
#.#.#.⌠.⌠
#..........#..8#
#...#..>. #
............_#
#†#.#.⌠.⌠
#........#..8#
#.#.##...
##..###..#####
#.#.⌠####


You could see an orc priest, Natasha and a hobgoblin.

Vanquished Creatures
  Natasha (twice) (D:3)
  An orc wizard (D:3)
  4 gnolls (D:3)
  4 adders
  5 dart slugs
  2 ribbon worms (D:2)
  8 orcs (D:3)
  6 bats
  6 endoplasms
  2 giant cockroaches (D:2)
  2 goblins
  6 hobgoblins
  7 jackals
  7 kobolds
  2 quokkas
  2 ball pythons (D:1)
  2 frilled lizards (D:1)
  5 rats
73 creatures vanquished.

Notes
Turn   | Place    | Note
-------+----------+-------------------------------------------
     0 | D:1      | Rassilon the Demonspawn Monk began the quest for the Orb.
     0 | D:1      | Reached XP level 1. HP: 18/18 MP: 1/1
   318 | D:1      | Gained mutation: You are surrounded by a mild repulsion
                  | field. (EV +2) [demonic ancestry]
   318 | D:1      | Reached XP level 2. HP: 24/24 MP: 2/2
   882 | D:2      | Found a faded altar of an unknown god.
   941 | D:2      | Gained mutation: You have large cloven feet. [demonic
                  | ancestry]
   941 | D:2      | Reached XP level 3. HP: 16/29 MP: 3/3
  1169 | D:2      | Reached XP level 4. HP: 34/35 MP: 4/4
  1798 | D:3      | Noticed Natasha
  1821 | D:3      | Killed Natasha
  1848 | D:3      | Reached XP level 5. HP: 23/42 MP: 5/5
  2280 | D:3      | Noticed Natasha
  2289 | D:3      | Killed Natasha
  2445 | D:3      | Found an opulent altar of Gozag.
  2445 | D:3      | Noticed Natasha
  2472 | D:3      | Killed from afar by an orc priest

Illustrated notes

Levels and vault maps discovered:
D:1:      dpeg_arrival_connections, layout_basic, supply_closet_lemuel
D:2:      layout_basic, ebering_ecumenical_altar_box, minmay_misc_feat_tower
D:3:      layout_loops_corners, grunt_gozag_breadcrumbs, grunt_ministairs_11,
          uniq_natasha

Skill      XL: |  1  2  3  4  5 |
---------------+----------------+-----
Unarmed Combat | 3 4 |  4.6
Dodging        | 3 |  3.8
Fighting       | 4 |  4.1

Action                     |  1- 3 |  4- 6 || total
---------------------------+-------+-------++-------
  Melee: Unarmed           |   132 |   141 ||   273
         Punch             |     3 |     5 ||     8
         Kick              |    14 |    44 ||    58
    Use: Potion            |       |     6 ||     6
   Stab: Sleeping          |     1 |     1 ||     2
 Armour: Robe              |    46 |    63 ||   109
         Skin              |       |     2 ||     2
  Dodge: Dodged            |   102 |    90 ||   192
